Cogmind - Beta 10.2 @@@ ROGUE MODE // 2021.01.28 @ 19:56:53 Player: W_W Result: Destroyed by as-25566 with Assembled Heavy Rifle Performance ------------- Evolutions (0) 0 Regions Visited (4) 800 Robots Destroyed (33) 165 Value Destroyed (407) 407 Prototype IDs (23) 460 Alien Tech Used (0) 0 Bonus (300) 300 TOTAL SCORE: 2132 Bonus ------- Aligned with FarCom 300 Cogmind --------- Core Integrity 0/250 Matter 295/300 Energy 112/250 System Corruption 0% Temperature Cool (6) Movement Core (1600) Ox31 Location -9/Mines Parts ------- > --- POWER (1) -------- Ion Engine > --- PROPULSION (2) --- (None) > --- UTILITY (2) ------ Humpback > --- WEAPON (2) ------- EM Pulse Gun Proton Missile Launcher > --- INVENTORY (24) --- Light Nuclear Core Improved Heat Sink High-capacity Storage Unit High-capacity Storage Unit Humpback Lightpack 2.0 High-capacity Battery (400) Medium Matter Pod (100) Light Armor Plating Light Armor Plating Light Armor Plating Light Armor Plating Hardened Heavy Armor Plating Layered Light Armor Plating Improved Trap Extractor Assault Rifle Mining Claw EMP Trap EMP Trap EMP Trap Peak State ------------ > --- POWER ------------ Ion Engine > --- PROPULSION ------- Light Treads > --- UTILITY ---------- Humpback > --- WEAPON ----------- EM Pulse Gun Proton Missile Launcher > --- INVENTORY -------- Light Nuclear Core Improved Heat Sink High-capacity Storage Unit High-capacity Storage Unit Humpback Lightpack 2.0 High-capacity Battery Medium Matter Pod Light Armor Plating Light Armor Plating Light Armor Plating Light Armor Plating Hardened Heavy Armor Plating Layered Light Armor Plating Improved Trap Extractor Assault Rifle Mining Claw EMP Trap EMP Trap EMP Trap [Rating: 14] Favorites ----------- Power Ion Engine Engine Ion Engine Propulsion Light Treads Treads Light Treads Utility Large Storage Unit Storage Large Storage Unit Weapon Assault Rifle Energy Gun Medium Laser Ballistic Gun Assault Rifle Launcher Proton Missile Launcher Build | -11 -10 -10 -10 -9 ------- Run | Scr Mat Min Exi Min Slots Evolved . | . . . . . Power . | . . . . . Propulsion . | . . . . . Utility . | . . . . . Weapon . | . . . . . Parts Attached 20 | 7 5 4 1 3 Power 4 | 1 1 1 . 1 Engine 4 | 1 1 1 . 1 Core . | . . . . . Reactor . | . . . . . Propulsion 2 | 2 . . . . Treads 2 | 2 . . . . Leg . | . . . . . Wheel . | . . . . . Hover . | . . . . . Flight . | . . . . . Utility 7 | 2 4 . 1 . Device . | . . . . . Storage 7 | 2 4 . 1 . Processor . | . . . . . Hackware . | . . . . . Protection . | . . . . . Artifact . | . . . . . Weapon 7 | 2 . 3 . 2 Energy Gun 2 | . . 1 . 1 Energy Cannon . | . . . . . Ballistic Gun 4 | 2 . 2 . . Ballistic Cannon . | . . . . . Launcher 1 | . . . . 1 Special Weapon . | . . . . . Impact Weapon . | . . . . . Slashing Weapon . | . . . . . Piercing Weapon . | . . . . . Special Melee Weapon . | . . . . . Unidentified Prototypes . | . . . . . Parts Lost 7 | . . 4 . 3 Power 2 | . . 1 . 1 Propulsion 2 | . . 1 . 1 Utility . | . . . . . Weapon 3 | . . 2 . 1 Highest Loss Streak 3 | . . 3 . 1 Average Slot Usage (%) 85 | . 100 97 74 70 Engine 13 | . 14 13 14 13 Treads 20 | . 28 26 14 14 Storage 21 | . 28 28 17 14 Energy Gun 10 | . . 13 14 14 Ballistic Gun 17 | . 28 14 14 13 Naked Turns . | . . . . . Heaviest Build 94 | 14 38 41 89 94 Greatest Support 40 | 40 40 40 20 20 Greatest Overweight (x) 4 | . . 2 4 4 Average Overweight (x) 1 | . . . 3 4 Largest Inventory Capacity 24 | 8 16 16 24 24 Average Capacity 17 | 6 12 16 21 24 Most Carried 24 | 6 16 16 22 24 Average Carried 15 | 1 11 15 17 22 Final Capacity 24 | 8 16 16 24 24 Final Carried 23 | 6 16 16 22 23 Class Distribution -------------------- 60% | Mutant 39% | Hauler-Mutant Dominant Class ---------------- Mutant | -10/Materials Mutant | -10/Mines Hauler-Mutant | -10/Exiles Hauler-Mutant | -9/Mines Resources | -11 -10 -10 -10 -9 ----------- Run | Scr Mat Min Exi Min Matter Collected 799 | 359 220 132 . 88 Remotely . | . . . . . Salvage Created 1096 | 190 355 421 . 130 Parts 73 | 15 34 16 . 8 Haulers Intercepted 2 | . 2 . . . Recyclers Shooed 4 | 1 . 3 . . Parts Field Recycled . | . . . . . Retrieved Matter . | . . . . . Parts Self-Destructed . | . . . . . Prevented . | . . . . . Kills | -11 -10 -10 -10 -9 ------- Run | Scr Mat Min Exi Min Combat Hostiles Destroyed 21 | . 7 8 . 6 Guns 21 | . 7 8 . 6 Classes Destroyed 9 | 3 5 . . 1 Worker 5 | 2 1 1 . 1 Builder 2 | . 1 . . 1 Tunneler 4 | 3 . 1 . . Hauler 2 | . 2 . . . Recycler 4 | 1 . 3 . . Watcher 1 | . 1 . . . Swarmer 9 | . 3 6 . . Grunt 6 | . 4 2 . . Assembled 6 | . . . . 6 Best Kill Streak 5 | 5 4 3 . 4 Combat Bots Only 3 | . 2 3 . 3 Max Kills in Single Turn 1 | 1 1 1 . 1 Gunslinging . | . . . . . Exploded . | . . . . . Melee . | . . . . . Uniques/NPCs Destroyed . | . . . . . Combat | -11 -10 -10 -10 -9 -------- Run | Scr Mat Min Exi Min Damage Taken 1272 | . 355 391 . 526 Core 258 | . 79 103 . 76 Absorbed by Shields . | . . . . . Core Remaining (%) 100 | 100 . . . . Volleys Fired 113 | 17 36 38 . 22 Largest 2 | 2 2 2 . 2 Hottest 79 | 40 40 70 . 79 Shots Fired 218 | 34 72 74 . 38 Gun 215 | 34 72 74 . 35 Cannon . | . . . . . Launcher 3 | . . . . 3 Special . | . . . . . Kinetic 170 | 34 72 48 . 16 Thermal 32 | . . 26 . 6 Explosive . | . . . . . Electromagnetic 16 | . . . . 16 Robot Hit Streak 12 | 12 11 9 . 9 Robot Miss Streak 8 | 1 8 2 . 3 Penetration Max . | . . . . . Secondary Targets 4 | . . 2 . 2 Max Gunslinging Chain 1 | . . 1 . 1 Shots Hit Robots 142 | 19 45 53 . 25 Core Hits 60 | 8 18 21 . 13 Critical Hits 1 | 1 . . . . Critical Kills . | . . . . . Critical Parts Destroyed 1 | 1 . . . . Melee Attacks . | . . . . . Impact . | . . . . . Slashing . | . . . . . Piercing . | . . . . . Sneak Attacks . | . . . . . Combat Hostiles . | . . . . . Follow-up Attacks . | . . . . . Damage Inflicted 1670 | 209 543 534 . 384 Guns 1514 | 209 497 530 . 278 Cannons . | . . . . . Explosions 106 | . . . . 106 Melee . | . . . . . Ramming 50 | . 46 4 . . Kinetic 1109 | 209 497 272 . 131 Thermal 308 | . . 258 . 50 Explosive . | . . . . . Electromagnetic 203 | . . . . 203 Impact . | . . . . . Slashing . | . . . . . Piercing . | . . . . . Highest Corruption . | . . . . . Average Corruption . | . . . . . Corruption Purged . | . . . . . Overload Shots . | . . . . . Overflow Damage . | . . . . . Projectiles . | . . . . . Explosions . | . . . . . Melee . | . . . . . Knockbacks . | . . . . . Impact . | . . . . . Kinetic . | . . . . . Secondary . | . . . . . Self-Inflicted Damage . | . . . . . Shots . | . . . . . Rammed 8 | . 7 1 . . Targets Rammed 9 | . 8 1 . . Kicked . | . . . . . Crushed 1 | . 1 . . . Highest Temperature 80 | . 18 80 . 36 Average Temperature 22 | . 9 25 . 18 Received Heat Transfer 295 | . 108 147 . 40 Siege Activations . | . . . . . Robots Corrupted . | . . . . . Combat Hostiles . | . . . . . Parts Fried . | . . . . . Impact Corruptions . | . . . . . Robots Melted . | . . . . . Combat Hostiles . | . . . . . Parts Melted 2 | . . 2 . . Heat Transferred 925 | . . 777 . 148 Parts Sabotaged . | . . . . . Parts Stolen . | . . . . . Parts Stripped . | . . . . . Power Chain Reactions . | . . . . . Missiles Intercepted . | . . . . . Alert | -11 -10 -10 -10 -9 ------- Run | Scr Mat Min Exi Min Peak Influence 194 | 30 194 145 . 10 Initial 75 | . 19 75 . . Average 66 | 13 101 93 . . Maximum Alert Level . | . . . . . Low Security (%) 100 | 100 100 100 . 100 Level 1 . | . . . . . Level 2 . | . . . . . Level 3 . | . . . . . Level 4 . | . . . . . Level 5 . | . . . . . High Security . | . . . . . Max Security . | . . . . . Squads Dispatched 1 | . 1 . . . Investigation . | . . . . . Extermination . | . . . . . Reinforcement 1 | . 1 . . . Assault . | . . . . . Garrison . | . . . . . Intercept . | . . . . . Construction Impeded . | . . . . . Haulers Reinforced . | . . . . . Stealth | -11 -10 -10 -10 -9 --------- Run | Scr Mat Min Exi Min Distress Signals 2 | . 2 . . . Communications Jammed . | . . . . . Distress Signals . | . . . . . Times Spotted 31 | . 13 9 . 9 Peak Tracking Total 3 | . 3 3 . 3 Tactical Retreats 2 | . 1 1 . . Traps | -11 -10 -10 -10 -9 ------- Run | Scr Mat Min Exi Min Traps Triggered 1 | . . . . 1 Indirectly . | . . . . . Trap Hack Attempts . | . . . . . Triggered . | . . . . . Disarmed . | . . . . . Reprogrammed . | . . . . . Reused . | . . . . . Traps Extracted . | . . . . . Installed . | . . . . . Triggered . | . . . . . Machines | -11 -10 -10 -10 -9 ---------- Run | Scr Mat Min Exi Min Machines Disabled . | . . . . . Max in Single Turn . | . . . . . Machines Sabotaged . | . . . . . Garrisons Compromised . | . . . . . Overloaded Fab Kills . | . . . . . Fab Network Shutdowns . | . . . . . Hacking | -11 -10 -10 -10 -9 --------- Run | Scr Mat Min Exi Min Machines Accessed 7 | . 4 . 2 1 Terminals 4 | . 4 . . . Fabricators . | . . . . . Repair Stations . | . . . . . Recycling Units . | . . . . . Scanalyzers . | . . . . . Garrison Access . | . . . . . Total Hacks 15 | . 12 . 2 1 Successful 8 | . 5 . 2 1 Failed 7 | . 7 . . . Catastrophic . | . . . . . Database Lockouts . | . . . . . Manual 13 | . 12 . 1 . Terminals 12 | . 12 . . . Fabricators . | . . . . . Repair Stations . | . . . . . Recycling Units . | . . . . . Scanalyzers . | . . . . . Garrison Access . | . . . . . Terminal Hacks 4 | . 1 . 2 1 Record 1 | . . . 1 . Part Schematic 1 | . 1 . . . Open Door 1 | . . . . 1 EX-Prototype ID Bank 1 | . . . 1 . Fabricator Hacks . | . . . . . Repair Station Hacks . | . . . . . Recycling Unit Hacks . | . . . . . Scanalyzer . | . . . . . Garrison Access Hacks . | . . . . . Unauthorized Hacks 4 | . 4 . . . Terminals 4 | . 4 . . . Track 1 | . 1 . . . Botnet 3 | . 3 . . . Fabricators . | . . . . . Repair Stations . | . . . . . Recycling Units . | . . . . . Scanalyzers . | . . . . . Garrison Access . | . . . . . Data Cores Recovered . | . . . . . Used . | . . . . . Hacking Detections 4 | . 4 . . . Full Trace Events . | . . . . . Feedback Events . | . . . . . Feedback Blocked . | . . . . . Robot Schematics Acquired . | . . . . . Robots Built . | . . . . . Matter . | . . . . . Time . | . . . . . Total Robot Build Rating . | . . . . . Part Schematics Acquired 1 | . 1 . . . Parts Built . | . . . . . Matter . | . . . . . Time . | . . . . . Total Part Build Rating . | . . . . . Parts Repaired . | . . . . . Time . | . . . . . Parts Recycled . | . . . . . Recycled Matter . | . . . . . Retrieved Matter . | . . . . . Retrieved Components . | . . . . . Parts Scanalyzed . | . . . . . Part Schematics Acquired . | . . . . . Parts Damaged . | . . . . . Bothacking | -11 -10 -10 -10 -9 ------------ Run | Scr Mat Min Exi Min Used RIF Installer . | . . . . . Robots Hacked . | . . . . . Non-combat . | . . . . . Combat . | . . . . . Robot Hacks Applied . | . . . . . Relay Couplers Released . | . . . . . Robots Rewired . | . . . . . Allies Hacked . | . . . . . Hacks Repelled . | . . . . . Allies | -11 -10 -10 -10 -9 -------- Run | Scr Mat Min Exi Min Total Allies . | . . . . . Largest Group . | . . . . . Highest-Rated Group . | . . . . . Highest-Rated Ally . | . . . . . Total Orders . | . . . . . Ally Attacks . | . . . . . Total Damage . | . . . . . Kills . | . . . . . Allies Corrupted . | . . . . . Allies Melted . | . . . . . Intel | -11 -10 -10 -10 -9 ------- Run | Scr Mat Min Exi Min Robot Analysis Total . | . . . . . Derelict Logs Recovered . | . . . . . Drone Launches . | . . . . . Drone Recoveries . | . . . . . Exploration | -11 -10 -10 -10 -9 ------------- Run | Scr Mat Min Exi Min Turns Passed 3293 | 171 767 715 1079 561 Spaces Moved 1482 | 70 376 363 473 200 Core 5 | 5 . . . . Treads 1477 | 65 376 363 473 200 Legs . | . . . . . Wheels . | . . . . . Hover . | . . . . . Flight . | . . . . . Fastest Speed 50 | 50 160 160 160 240 Average Speed 192 | 152 160 164 224 240 Slowest Speed 240 | 160 160 200 240 240 Overloaded Moves . | . . . . . Propulsion Burnouts . | . . . . . Robots Hopped . | . . . . . Cave-ins Triggered . | . . . . . Exploration Rate (%) 48 | 4 60 61 70 48 Regions Visited 4 Branch Regions 3 Pre-discovered Areas 1 | . . . 1 . Known Exits Taken . | . . . . . Unknown Exits Taken 4 | 1 1 1 1 . Scrap Searched 1 | . . 1 . . Spaces Dug . | . . . . . Terrain Destroyed . | . . . . . Melee . | . . . . . Projectile . | . . . . . AOE . | . . . . . Terrain Rammed . | . . . . . Walls Destroyed . | . . . . . Machines Disabled . | . . . . . Actions | -11 -10 -10 -10 -9 --------- Run | Scr Mat Min Exi Min Total 1734 | 100 477 418 493 246 Wait 45 | 1 28 1 . 15 Move 1478 | 69 375 362 472 200 Hop . | . . . . . Pick Up 49 | 6 15 7 17 4 Fast Attach 8 | 7 . . 1 . Attach 5 | . . 3 . 2 Detach . | . . . . . Swap 7 | . 5 1 . 1 Drop 20 | . 10 5 3 2 Fire 113 | 17 36 38 . 22 Melee . | . . . . . Ram . | . . . . . Kick . | . . . . . Crush 9 | . 8 1 . . Escape Stasis . | . . . . . Rewire . | . . . . . Trap . | . . . . . Miscellaneous . | . . . . . Route ------- -11/Scrapyard -10/Materials (discovered 3 exits: [*Mat x2] / [*Min]) -10/Mines (discovered 2 exits: [*Mat] / *Exi) -10/Exiles -9/Mines History --------- Turn | Location | Event 21 | -11/Scrapyard | Discovered new exit (range 16) 172 | -11/Scrapyard | Entered Materials 305 | -10/Materials | Build established: Mutant 535 | -10/Materials | Discovered new exit (range 4) 564 | -10/Materials | Discovered new exit (range 16) 699 | -10/Materials | Discovered new exit (range 11) 939 | -10/Materials | Entered Mines 966 | -10/Mines | Core integrity fell below 50% 1000 | -10/Mines | Lost 3 parts (1p2w) 1226 | -10/Mines | Discovered new exit (range 9) 1279 | -10/Mines | Found a hidden stash of uninstalled traps 1502 | -10/Mines | Deemed a non-threat by the Exiles lab entrance 1502 | -10/Mines | Discovered new exit (range 5) 1654 | -10/Mines | Entered Exiles 1704 | -10/Exiles | Met 8R-AWN 1738 | -10/Exiles | Met EX-HEX 1814 | -10/Exiles | Met EX-DEC 2284 | -10/Exiles | Build established: Hauler-Mutant 2320 | -10/Exiles | Learned location of Zion (-7) 2368 | -10/Exiles | Met EX-BIN 2401 | -10/Exiles | Aligned with FarCom system 2404 | -10/Exiles | Given EX-Vault access code 2461 | -10/Exiles | Opened EX-Vault 2500 | -10/Exiles | Found Lightpack 2.0 2553 | -10/Exiles | Warned to stay clear of 0b10 Research branches 2702 | -10/Exiles | Discovered new exit (range 14) 2733 | -10/Exiles | Left Exiles lab with Lightpack 2.0 2733 | -10/Exiles | Entered Mines 3044 | -9/Mines | Assembled infested the area 3145 | -9/Mines | Met a Derelict who couldn't figure out how to use a Trap Extractor 3161 | -9/Mines | Core integrity fell below 20% 3294 | -9/Mines | Destroyed by as-25566 with Assembled Heavy Rifle Last Messages --------------- 03233_ Acquired 17 matter. 03236_ U-05 Engineer lays Concrete. 03242_ as-88660 destroyed. 03242_ U-05 Engineer builds a Wall. 03243_ Acquired 15 matter. 03245_ U-05 Engineer destroyed. 03249_ R-06 Scavenger destroyed. 03251_ Acquired 17 matter. 03253_ Acquired 12 matter. 03268_ K-01 Serf collects debris. 03278_ K-01 Serf destroyed. 03283_ as-58451 destroyed. 03284_ U-05 Engineer lays Concrete. 03287_ Acquired 26 matter. 03288_ U-05 Engineer lays Concrete. 03289_ R-06 Scavenger collects Lgt. Ion Engine. 03290_ U-05 Engineer lays Concrete. 03292_ Lgt. Treads destroyed. 03292_ U-05 Engineer lays Concrete. 03293_ R-06 Scavenger collects Terrain Scanner. Map ----- +----------------------------------------------------+ | | | | | | | | | | | | | | | | | | | | | | | | | | | | | | | | | ?????????????????????????????????????????????????? | | ?????????????????????#######?????????????????????? | | ?????????????????????# """"##????????????????????? | | ????????????????????## / ]["#??????????ss????????? | | ????????????????????# ! !["#??????????s?????????? | | ????????????????????## [u!####??????????????????? | | ?????????????????????###*!## ##?????????????????? | | ?????????????????????# X% * r ##????????????????? | | ??????????############ =!=%! #######??????????? | | ??????????# ! | =%*% @%= #??????????? | | ?????###### a !== =% == r #??????????? | | ?????# # ########## ## ## #??????????? | | ?????# ###### #????????# ## ####?? ???????????? | | ####?# #????# ##???????# ###?????????????????? | | # ### #???## ##??????#### #???????????????????? | | ## #???# ##????????# #???????????????????? | | ## #???# ##???????# #???????????????????? | | #???## ##??????# #???????????????????? | | #????## #??????# #???????????????????? | | ## ##????## #??????# #???????????????????? | | #### #?????# ##?????# #???????????????????? | | ##### #####?# ##????# #???????????????????? | | # #?## ##???# #???????????????????? | | # #??## ##??# #???????????????????? | | # #???## #??# #???????????????????? | | # #???## #??# #???????????????????? | | # #???# ##?# #???????????????????? | | # #???# """ #?# #???????????????????? | | # #???# """ #?# #???????????????????? | | # """ """ #???# """ ##?# #???????????????????? | | # """ """ #???# ###??# #???????????????????? | | # """ """ #???## ##????# #???????????????????? | | # #????## #?????# #???????????????????? | | ####### ##?????## ##???## #???????????????????? | +----------------------------------------------------+ Best States ------------- Heat Dissipation 25 Energy Generation 10 Energy Capacity 250 Matter Stores 300 Matter Capacity 300 Sight Range 16 Terrain Scan Density 10 Evasion (%) 40 Recoil Reduction 2 Item Schematics ----------------- Hcp. Storage Unit | -10/Materials | Hacked Robot Schematics ------------------ None Fabricated ------------ Nothing Alien Tech Used ----------------- None Achievements -------------- None Challenges ------------ None Game ------ Seed DroneLongswordChip Manual? 0 Play Time 00:16:18 Cumulative 127.5 hours Start 2021.01.28 @ 19:32:32 End 2021.01.28 @ 19:56:53 Sessions 1 Manual Loads 0 Difficulty Rogue Special Mode None Game No. 99 Rogue 99 Adventurer 0 Explorer 0 Win Type - Total 0 Types 0/0/0/0/0/0/0/0/0 Lore% 46 Gallery% 55 Achievement% 36 Wizard Run 0 Options --------- ASCII 0 Keyboard 0 Movement Numpad Keybinds 0 Fullscreen 1 Font 18/SmallcapsGlow Map View 76x50 Tactical HUD 1 Map Filters NONE Filters NONE Steam 1 RUN: 18e9d139-027f-4508-adc7-36331c623ad9